 Dungeon Crawl Stone Soup version 0.29.1-15-g9cfb28693d (webtiles) character file.

Game seed: 12900967344107863835

655 Thatpatchoflichen the Trooper (level 7, -1/56 HPs)
             Began as a Human Gladiator on Mar 1, 2023.
             Was an Initiate of Ru.
             Splashed by a jelly's acid (5 damage)
             ... on level 5 of the Dungeon.
             The game lasted 00:08:38 (6001 turns).

Thatpatchoflichen the Trooper (Human Gladiator)     Turns: 6001, Time: 00:08:38

Health: -1/56      AC:  0    Str: 15    XL:     7   Next: 85%
Magic:  7/7        EV: 26    Int:  8    God:    Ru [......]
Gold:   341        SH:  0    Dex: 16    Spells: 6/6 levels left

rFire   . . .      SeeInvis +   a - +0 long sword
rCold   . . .      Faith    .   (no shield)
rNeg    . . .      Spirit   .   o - +0 scale mail
rPois   .          Reflect  .   c - +0 helmet
rElec   .          Harm     .   (no cloak)
rCorr   .          Rampage  .   (no gloves)
Will    .....                   (no boots)
Stlth   ..........              j - amulet of the acrobat
HPRegen 0.18/turn               B - ring of see invisible
MPRegen 0.10/turn               (no ring)

@: corroded, acrobatic
A: no striking features
a: Renounce Religion


You were on level 5 of the Dungeon.
You worshipped Ru.
Ru was noncommittal.
You visited 2 branches of the dungeon, and saw 6 of its levels.
You also visited: Sewer.

You collected 341 gold pieces.

Inventory:

Hand Weapons
 a - a +0 long sword (weapon)
Missiles
 d - 3 throwing nets (quivered)
 e - 10 javelins
 v - 2 atropa-tipped darts
 y - 4 poisoned darts
Armour
 b - a +0 chain mail
 c - a +0 helmet (worn)
 o - a +0 scale mail (worn)
Jewellery
 j - an amulet of the acrobat (around neck)
 B - a ring of see invisible (left hand)
Wands
 A - a wand of flame (24)
Scrolls
 f - a scroll of silence {unknown}
 h - 3 scrolls of butterflies {unknown}
 l - 4 scrolls of magic mapping {unknown}
 m - 4 scrolls of teleportation {unknown}
 p - 3 scrolls of identify {unknown}
 q - a scroll of noise {unknown}
 r - 3 scrolls of summoning {unknown}
 t - 2 scrolls of enchant weapon {unknown}
 w - 2 scrolls of poison {unknown}
 z - a scroll of immolation {unknown}
Potions
 g - 4 potions of heal wounds {unknown}
 i - 4 potions of curing {unknown}
 k - a potion of lignification {unknown}
 n - a potion of ambrosia {unknown}
 s - a potion of invisibility {unknown}
 u - 3 potions of attraction {unknown}
 x - a potion of berserk rage {unknown}
 C - a potion of haste {unknown}


   Skills:
 + Level 5.0 Fighting
 + Level 5.0 Long Blades
 - Level 2.0 Throwing
 - Level 4.0 Armour
 - Level 4.0 Dodging


You had 6 spell levels left.
You didn't know any spells.
Your spell library contained the following spells:

 Spells                   Type           Power      Damage    Failure   Level
 Magic Dart               Conj           0%         1d3       85%         1
 Call Imp                 Summ           0%         N/A       94%         2
 Searing Ray              Conj           0%         2d4       94%         2
 Mephitic Cloud           Conj/Pois/Air  0%         N/A       99%         3
 Fulminant Prism          Conj/Hex       0%         3d6       100%        4


Dungeon Overview and Level Annotations

Branches:
Dungeon (5/15)             Temple (1/1) D:4           Sewer (visited)

Altars:
Ashenzari
Dithmenos
Elyvilon
Gozag
Hepliaklqana
Kikubaaqudgha
Makhleb
Nemelex Xobeh
Okawaru
Qazlal
Ru
Sif Muna
Trog
Uskayaw
Wu Jian
Xom
Yredelemnul
The Shining One

Shops:
D:5 ?


Message History

Found a mace.
You pick up a book of Minor Magic and begin reading...
You add the spells Call Imp and Mephitic Cloud to your library.
B - a ring of see invisible (left hand)
C - a purple potion An ice beast and an ogre come into view.
Found 7 gold pieces.
Found Edyi's Magic Scroll Shop.
The ogre shouts!
A jelly comes into view.
Found 2 javelins.
The jelly quivers.
You slash the jelly!
Your hands burn!
The jelly is moderately wounded.
The jelly hits you. The acid corrodes you!
You are splashed with acid!
You hit the jelly but do no damage.
Your hands burn!
The jelly is moderately wounded.
The jelly hits you but does no damage.
You hit the jelly. The acid corrodes you!
Your hands burn!
The jelly is heavily wounded.
The jelly hits you.
You are splashed with acid.
You hit the jelly.
Your hands burn!
The jelly is heavily wounded.
The jelly hits you. The acid corrodes you!
You are splashed with acid!
* * * LOW HITPOINT WARNING * * *
The jelly attacks as you move away! The jelly hits you.
* * * LOW HITPOINT WARNING * * *
You are splashed with acid!
* * * LOW HITPOINT WARNING * * *
The jelly attacks as you move away! The jelly completely misses you.
The jelly attacks as you move away! The jelly closely misses you.
The jelly attacks as you move away! The jelly completely misses you.
The jelly attacks as you move away! The jelly misses you.
The jelly attacks as you move away! The jelly misses you.
The jelly attacks as you move away! The jelly misses you.
The jelly attacks as you move away! The jelly completely misses you.
The jelly attacks as you move away! The jelly closely misses you.
The jelly attacks as you move away! The jelly hits you.
* * * LOW HITPOINT WARNING * * *
You are splashed with acid.
You die...

≈≈.............................#
...)...........................#
........#...........###.....#..#
..........#..............#######
..........###.....#......#
........#...#.....##.....# ##
........#.........###....# ~
........##>........##....########
....)...##......@........#~##~~~~
##'##...##....#..J.......#~~~~#~#
#...#...##..###....<.....######~#
#._.##..#..........O.....#.~~~~~#
.....#....#####..........########
.###.#.#..####.......Y..##.......
##.###......##.........###..#.#..
#...##.......#...............##..
.#.#.#...........................


You could see an ice beast, an ogre and a jelly.

Vanquished Creatures
  A water moccasin (Sewer)
  A necrophage (D:5)
  A scorpion (D:4)
  A howler monkey (D:5)
  A hound (D:5)
  5 iguanas
  An orc wizard (D:4)
  11 adders
  2 shadow imps (D:5)
  A white imp (D:5)
  6 worms
  3 dart slugs
  6 orcs
  2 bats
  4 endoplasms
  6 goblins
  5 hobgoblins
  7 jackals
  A quokka (D:3)
  4 ball pythons
  2 frilled lizards
  5 kobolds
  8 rats
84 creatures vanquished.

Notes
Turn   | Place    | Note
-------+----------+-------------------------------------------
     0 | D:1      | Thatpatchoflichen the Human Gladiator began the quest for
                  | the Orb.
     0 | D:1      | Reached XP level 1. HP: 16/16 MP: 1/1
   114 | D:1      | Reached XP level 2. HP: 21/22 MP: 2/2
   675 | D:2      | Reached XP level 3. HP: 27/28 MP: 3/3
   828 | D:2      | Found a bloodstained altar of Trog.
  1453 | D:2      | Found a faded altar of an unknown god.
  1954 | D:3      | Reached XP level 4. HP: 34/34 MP: 4/4
  2109 | D:3      | You fall into a shaft and drop 2 floors!
  2109 | D:5      | Entered Level 5 of the Dungeon
  2166 | D:5      | Reached skill level 1 in Armour
  2226 | D:5      | Reached XP level 5. HP: 31/41 MP: 5/5
  2286 | D:5      | Found a glowing drain.
  2294 | Sewer    | Entered a sewer
  2525 | Sewer    | Noticed a water moccasin
  2541 | Sewer    | Killed a water moccasin
  2542 | Sewer    | Reached XP level 6. HP: 13/48 MP: 6/6
  3206 | D:4      | Found a broken altar of Ashenzari.
  4004 | D:4      | Reached XP level 7. HP: 23/54 MP: 7/7
  4384 | D:4      | Found a staircase to the Ecumenical Temple.
  4399 | Temple   | Entered the Ecumenical Temple
  4976 | D:5      | Found a hide-covered altar of Uskayaw.
  4976 | D:5      | Noticed a +0 falchion
  4976 | D:5      | Noticed a +0 short sword
  4977 | D:5      | Noticed a +0 short sword
  4977 | D:5      | Noticed a +0 dagger
  4978 | D:5      | Noticed a +0 falchion
  4978 | D:5      | Noticed a +0 spear
  4979 | D:5      | Noticed a +0 spear
  4979 | D:5      | Noticed a +0 dagger
  5183 | D:5      | Found an ornate altar of the Wu Jian Council.
  5183 | D:5      | Found a sacrificial altar of Ru.
  5191 | D:5      | Became a worshipper of Ru the Awakened
  5763 | D:5      | Reached skill level 5 in Fighting
  5763 | D:5      | Reached skill level 5 in Long Blades
  5973 | D:5      | Found Edyi's Magic Scroll Shop.
  6001 | D:5      | Splashed by a jelly's acid

Illustrated notes

Levels and vault maps discovered:
D:1:      elethiomel_arrival_shortcut, layout_rooms, minivault_11
D:2:      layout_loops_corners, chequers_ecumenical_altar_simple_redux,
          basic_altar
D:3:      layout_basic, minmay_distorted
D:4:      layout_basic, lemuel_crystal_altar,
          minmay_temple_entry_statues_fountains
D:5:      layout_cave_pools, nicolae_uskayaw_en_pointe,
          amethyst_overflow_temple_binary, lightli_sewer_entry_pipes,
          serial_shops, kennysheep_mini_moat, kennysheep_windowed_goal
Temple:   nicolae_temple_bog_church

Skill      XL: |  1  2  3  4  5  6  7 |
---------------+----------------------+-----
Fighting       | 3 4 5 |  5.0
Armour         | 1 2 4 |  4.0
Long Blades    | 4 5 |  5.0
Dodging        | 4 |  4.0
Throwing       | |  2.0

Action                   |  1- 3 |  4- 6 |  7- 9 || total
-------------------------+-------+-------+-------++-------
Melee: Long sword        |    69 |   238 |   105 ||   412
       Punch             |       |     5 |       ||     5
 Stab: Sleeping          |     1 |       |       ||     1
Armor: Leather armour    |    15 |       |       ||    15
       Scale mail        |     5 |   100 |    65 ||   170
Dodge: Dodged            |    60 |   138 |   129 ||   327
